 Dungeon Crawl Stone Soup version 0.30.0-5-g1a98f26d00 (webtiles) character file.

Game seed: 2293218261421195968

742 howech the Conjurer (level 7, -5/36 HPs)
             Began as a Deep Elf Conjurer on May 12, 2023.
             Was an Initiate of Vehumet.
             Slain by a vampire (7 damage)
             ... on level 5 of the Dungeon.
             The game lasted 00:18:54 (4699 turns).

howech the Conjurer (Deep Elf Conjurer)             Turns: 4699, Time: 00:18:54

Health: -5/36      AC:  2    Str:  4    XL:     7   Next: 47%
Magic:  11/17      EV: 13    Int: 25    God:    Vehumet [......]
Gold:   221        SH:  0    Dex: 13    Spells: 5/16 levels left

rFire   . . .        k - staff of air
rCold   . . .        (no shield)
rNeg    . . .        a - +0 robe
rPois   .            (no helmet)
rElec   +            q - scarf {+Inv}
rCorr   .            (no gloves)
SInv    .            (no boots)
Will    .....        (no amulet)
Stlth   +++          (no ring)
HPRegen 0.26/turn    (no ring)
MPRegen 0.15/turn

%: no passive effects
@: no status effects
A: no striking features
a: Renounce Religion, Evoke Invisibility


You were on level 5 of the Dungeon.
You worshipped Vehumet.
Vehumet was noncommittal.
You visited 2 branches of the dungeon, and saw 6 of its levels.

You collected 221 gold pieces.

Inventory:

Hand Weapons
 c - a +0 short sword
 e - a +0 dagger
 s - a +2 dagger of electrocution
Missiles
 d - 5 poisoned darts
Armour
 a - a +0 robe (worn)
 q - a scarf of invisibility (worn)
Magical Staves
 k - a staff of air (weapon)
Jewellery
 f - an amulet of faith
 m - a ring of fire
 o - the ring "Kuolutyn" {rElec rPois rF+ rC+ Str+2}
   (You took it off a goblin on level 4 of the Dungeon)

   [ring of poison resistance]

   Str:       It affects your strength (+2).
   rF:        It protects you from fire.
   rC:        It protects you from cold.
   rElec:     It insulates you from electricity.
   rPois:     It protects you from poison.
Wands
 n - a wand of paralysis (12)
Scrolls
 t - 3 scrolls of enchant armour {unknown}
Potions
 b - 2 potions of magic
 g - a potion of heal wounds
 h - 2 potions of flight
 i - a potion of attraction
 j - a potion of lignification
 l - a potion of might {unknown}
 p - 2 potions of haste
 r - a potion of cancellation


   Skills:
 + Level 4.8 Dodging
 + Level 5.2 Stealth
 + Level 5.4 Spellcasting
 * Level 7.1 Conjurations
 + Level 1.4 Translocations
 + Level 1.1 Air Magic


You had 5 spell levels left.
You knew the following spells:

 Your Spells              Type           Power      Damage    Failure   Level
a - Magic Dart            Conj           100%       1d8       1%          1
b - Searing Ray           Conj           84%        2d7       1%          2
c - Dazzling Flash        Conj/Hex       48%        N/A       5%          3
d - Fulminant Prism       Conj/Hex       12%        3d8       19%         4
e - Apportation           Tloc           26%        N/A       4%          1

Your spell library contained the following spells:

 Spells                   Type           Power      Damage    Failure   Level
 Necrotise                Necr           24%        1d5       8%          1
 Summon Small Mammal      Summ           24%        N/A       8%          1
 Iskenderun's Mystic Bla  Conj/Tloc      28%        2d7       14%         4
 Summon Ice Beast         Ice/Summ       6%         N/A       61%         4
 Silence                  Hex/Air        7%         N/A       86%         5
 Agony                    Necr           6%         N/A       91%         5
 Summon Mana Viper        Hex/Summ       6%         N/A       91%         5
 Monstrous Menagerie      Summ           3%         N/A       100%        7


Dungeon Overview and Level Annotations

Branches:
Dungeon (5/15)             Temple (1/1) D:4

Altars:
Ashenzari
Dithmenos
Elyvilon
Fedhas
Makhleb
Nemelex Xobeh
Okawaru
Qazlal
Ru
Sif Muna
Trog
Vehumet
Wu Jian
Yredelemnul
Zin
The Shining One


Message History

The vampire is lightly damaged.
The vampire gestures at you while chanting.
You are confused.
The iguana hisses angrily.
You bump into the rock wall.
The vampire completely misses you. The vampire bites you!
The vampire draws strength from your injuries!
The vampire gestures at you while chanting.
You resist with some effort. The iguana bites you!
You feel less confused. The vampire barely misses you. The vampire bites you.
The vampire draws strength from your injuries!
The iguana attacks as you move away! The iguana barely misses you.
You see here an amulet of faith.
The vampire attacks as you move away! The vampire barely misses you.
The vampire bites you.
The vampire draws strength from your injuries!
Okay, then.
Okay, then.
Press: ? - help, v - describe, . - travel
Here: a vampire The floor, spattered with blood.
Casting: Searing Ray (safe; 1% risk of failure)
Confirm with . or Enter, or press ? or * to list all spells.
Aiming: Searing Ray (safe; 1% risk of failure)
Press: ? - help, Shift-Dir - straight line, f/p - vampire
Aim: a vampire (82% to hit)
The searing ray hits the vampire but does no damage. (Press . to maintain the ray.)
The vampire casts a spell.
The vampire flickers and vanishes!
Deactivating autopickup; reactivate with Ctrl-A.
Something hits you!
* * * LOW HITPOINT WARNING * * *
Something bites you but does no damage.
Unknown command.
The searing ray hits something.
Something hits you.
* * * LOW HITPOINT WARNING * * *
Something bites you!
You die...

#... #.# ##.##### #.# #..#
# ##.## #.....## #.#
#..###.# ##...## #......#
#.#
#......####.....####.###†.#
#.# ##.##................#
..# #.#
#.##.#######.#"###### ..#
#.# #<##.# #...# ###. ...
..# #.##.#########{#.....
.... #.##.........@.....[.#
..##.
####.##.................#
..# ##
............####.)#######
####..............#
####.....#####... #######
#####


There were no monsters in sight!

Vanquished Creatures
  An ice beast (D:5)
  A phantom (D:4)
  3 scorpions
  A howler monkey (D:5)
  The ghost of wolfgangpup the Caller, a weakling GrSu of Lugonu (D:3)
  2 hounds
  An iguana (D:5)
  2 orc wizards
  9 adders
  An ufetubus (D:5)
  A worm (D:3)
  A dart slug (D:5)
  11 orcs
  6 ball pythons
  7 bats
  4 endoplasms
  3 giant cockroaches
  10 goblins
  3 hobgoblins
  10 quokkas
  3 frilled lizards
  8 kobolds
  7 rats
96 creatures vanquished.

Notes
Turn   | Place    | Note
-------+----------+-------------------------------------------
     0 | D:1      | howech the Deep Elf Conjurer began the quest for the Orb.
     0 | D:1      | Reached XP level 1. HP: 10/10 MP: 6/6
   234 | D:1      | Reached XP level 2. HP: 15/15 MP: 6/8
  1004 | D:1      | Reached XP level 3. HP: 19/19 MP: 7/9
  1612 | D:2      | Reached skill level 5 in Conjurations
  2136 | D:2      | Learned a level 2 spell: Searing Ray
  2140 | D:2      | Learned a level 3 spell: Dazzling Flash
  2169 | D:3      | Found a broken altar of Ashenzari.
  2184 | D:3      | Reached XP level 4. HP: 24/24 MP: 8/11
  2585 | D:3      | Found a faded altar of an unknown god.
  2685 | D:3      | Found a runed translucent door.
  2689 | D:3      | Noticed wolfgangpup's ghost (weakling GrSu)
  2715 | D:3      | Killed wolfgangpup's ghost
  2716 | D:3      | Reached XP level 5. HP: 10/28 MP: 2/13
  3220 | D:4      | Noticed a phantom
  3231 | D:4      | Killed a phantom
  3332 | D:4      | Reached skill level 6 in Conjurations
  3332 | D:4      | Reached XP level 6. HP: 32/32 MP: 9/14
  3374 | D:4      | Found a staircase to the Ecumenical Temple.
  3380 | Temple   | Entered the Ecumenical Temple
  3422 | D:4      | Found a radiant altar of Vehumet.
  3424 | D:4      | Identified the ring "Kuolutyn" {rElec rPois rF+ rC+ Str+2}
  3441 | D:4      | Became a worshipper of Vehumet
  3839 | D:4      | Reached skill level 5 in Spellcasting
  4280 | D:4      | Learned a level 4 spell: Fulminant Prism
  4282 | D:4      | Learned a level 1 spell: Apportation
  4283 | D:5      | Entered Level 5 of the Dungeon
  4314 | D:5      | Found a white marble altar of Elyvilon.
  4317 | D:5      | Found a sacrificial altar of Ru.
  4415 | D:5      | Reached XP level 7. HP: 29/36 MP: 9/16
  4434 | D:5      | Reached skill level 5 in Stealth
  4439 | D:5      | Reached skill level 7 in Conjurations
  4439 | D:5      | Reached skill level 1 in Translocations
  4439 | D:5      | Reached skill level 1 in Air Magic
  4445 | D:5      | Noticed a vampire
  4699 | D:5      | Slain by a vampire

Illustrated notes

Levels and vault maps discovered:
D:1:      shiori_arrival_elements, layout_loops_corners
D:2:      layout_basic, kennysheep_nub, chequers_hall_statues_corner_a,
          kennysheep_generic_room_12
D:3:      layout_loops_cross, nicolae_ashenzari_panopticon,
          ebering_ghost_sewer_d, shapermc_ecumenical_altar_ellora
D:4:      layout_gridville, mainiacjoe_overflow_paths, minmay_temple_entry_hall,
          minmay_stone_trees_small
D:5:      cheibrodos_barr_body, layout_loops_ring, grunt_temple_overflow_open
Temple:   hellmonk_temple_two_chambers

Skill      XL: |  1  2  3  4  5  6  7 |
---------------+----------------------+-----
Stealth        | 3 4 5 |  5.2
Dodging        | 3 4 |  4.8
Conjurations   | 5 6 7 |  7.1
Spellcasting   | 4 5 |  5.4
Translocations | 1 |  1.4
Air Magic      | 1 |  1.1

Action                     |  1- 3 |  4- 6 |  7- 9 || total
---------------------------+-------+-------+-------++-------
  Melee: Staff             |       |     9 |       ||     9
   Cast: Magic Dart        |    73 |    64 |    11 ||   148
         Searing Ray       |       |    17 |     6 ||    23
    Use: Scroll            |     1 |     6 |       ||     7
         Potion            |       |     2 |       ||     2
 Armour: Robe              |       |     4 |     3 ||     7
  Dodge: Dodged            |     4 |    49 |     6 ||    59
